AoeStats
← Chris

Arena

507841201Analyzed
4v4 RM · 12d ago on Sep 19, 2026· 54m 8s· 8 players
Game mode
Random Map
Map size
Large (8 player)
Population
200
Speed
Normal
Resources
Standard
Victory
Conquest
Starting age
Dark Age
Ending age
Imperial Age
RankedLock teamsTeams togetherTeam positionsShared explorationLock speedFull tech treeHidden civsTurbo modeCheats
Victory
Defeat
🇲🇽 Teutons · Mexico
1361
+13
🇨🇱 Malay · Chile
1345
+14
🇺🇸 Poles · United States
1306
+15
🇦🇷 Bohemians · Argentina
1284
+16
🇧🇪 Slavs · Belgium
1308
-15
🇨🇿 Bohemians · Czechia
1300
-15
🇬🇧 Wei · United Kingdom
1281
-14
🇨🇿 Turks · Czechia
1277
-14
Pablo0192
10:29 Feudal Age
14:23 Castle Age
12:36 Double-Bit Axe
15:34 Bow Saw
17:11 Fervor
20:43 Wheelbarrow
19:54 Loom
22:52 Sanctity
23:57 Hand Cart
27:21 Imperial Age
26:51 Chemistry
26:01 Careening
28:04 Town Watch
27:44 Houfnice
29:12 Theocracy
29:02 Illumination
28:54 Block Printing
29:15 Scale Mail Armor
29:25 Forging
30:49 Two-Man Saw
29:33 Horse Collar
30:00 Pikeman
30:42 Squires
30:27 Arson
30:58 Chain Mail Armor
32:34 Halberdier
34:53 Plate Mail Armor
40:47 Atonement
41:00 Redemption
45:08 Caravan
46:55 Iron Casting
47:15 Coinage
Seifer
5:56 Loom
8:28 Feudal Age
9:00 Double-Bit Axe
10:10 Town Watch
15:35 Fletching
18:04 Horse Collar
23:30 Castle Age
21:44 Stone Mining
24:02 Wheelbarrow
25:20 Bow Saw
27:24 Heavy Plow
29:03 Hand Cart
30:29 Gold Mining
31:33 Hand Cart
35:11 Imperial Age
33:27 Pikeman
34:09 Squires
34:16 Arson
34:47 Scale Mail Armor
34:58 Forging
35:47 Chain Mail Armor
35:34 Halberdier
37:22 Two-Man Saw
37:31 Iron Casting
37:55 Plate Mail Armor
38:36 Chemistry
39:50 Blast Furnace
41:11 Siege Engineers
42:05 Crop Rotation
43:07 Fortified Wall
43:18 Ballistics
53:03 Masonry
53:57 Guilds
54:18 Coinage
54:11 Conscription
54:27 Hoardings
54:15 Ironclad
Chris
10:45 Feudal Age
11:45 Horse Collar
16:16 Castle Age
15:40 Scale Barding Armor
17:16 Double-Bit Axe
17:33 Heavy Plow
19:13 Bloodlines
20:10 Szlachta Privileges
22:26 Chain Barding Armor
22:58 Bloodlines
26:35 Husbandry
26:53 Forging
28:06 Loom
28:56 Wheelbarrow
29:01 Town Watch
31:52 Bow Saw
33:54 Iron Casting
33:25 Pikeman
34:05 Squires
35:26 Hand Cart
36:36 Scale Mail Armor
40:20 Imperial Age
39:33 Fletching
39:44 Padded Archer Armor
39:32 Light Cavalry
40:00 Crossbowman
40:43 Bodkin Arrow
41:00 Thumb Ring
41:28 Conscription
41:32 Lechitic Legacy
41:36 Bracer
41:53 Leather Archer Armor
41:14 Arbalester
42:09 Gold Mining
42:20 Capped Ram
43:31 Winged Hussar
45:58 Blast Furnace
45:15 Masonry
46:06 Chemistry
45:17 Siege Ram
47:58 Ballistics
48:42 Chemistry
Marley AoC
11:29 Loom
13:15 Feudal Age
13:43 Double-Bit Axe
17:24 Castle Age
15:20 Gold Mining
15:31 Horse Collar
18:22 Wheelbarrow
18:04 Bow Saw
27:23 Hand Cart
26:53 Town Watch
28:14 Forging
28:12 Heavy Plow
32:16 Imperial Age
29:59 Fletching
29:55 Crossbowman
30:47 Thumb Ring
31:40 Bodkin Arrow
31:46 Padded Archer Armor
32:56 Chemistry
32:36 Pikeman
33:16 Squires
32:46 Arbalester
33:53 Ballistics
35:01 Halberdier
35:26 Arson
37:08 Crop Rotation
38:34 Conscription
44:53 Town Patrol
44:55 Bracer
45:31 Iron Casting
45:11 Leather Archer Armor
48:17 Ring Archer Armor
Hane
10:19 Feudal Age
14:27 Castle Age
13:22 Double-Bit Axe
13:22 Horse Collar
15:30 Bow Saw
18:37 Loom
20:58 Wheelbarrow
22:18 Hand Cart
24:47 Scale Barding Armor
24:52 Forging
26:08 Bloodlines
26:47 Chain Barding Armor
30:49 Imperial Age
29:09 Forging
29:16 Detinets
29:54 Gold Mining
32:08 Plate Barding Armor
31:56 Conscription
33:23 Elite Boyar
34:35 Heavy Plow
36:23 Light Cavalry
37:41 Iron Casting
37:11 Husbandry
37:31 Fletching
38:06 Devotion
37:39 Hussar
41:31 Blast Furnace
42:24 Onager
43:38 Bodkin Arrow
44:09 Siege Engineers
44:12 Siege Onager
46:05 Faith
49:54 Ballistics
Kaer Morhen
8:08 Loom
10:10 Feudal Age
14:59 Castle Age
12:58 Horse Collar
14:38 Double-Bit Axe
16:11 Wheelbarrow
16:35 Bow Saw
18:24 Heavy Plow
20:44 Town Watch
28:37 Chemistry
27:57 Ballistics
35:54 Hand Cart
36:48 Fortified Wall
36:49 Masonry
43:01 Hand Cart
49:32 Elite Skirmisher
51:48 Fletching
51:59 Padded Archer Armor
somaster94
11:23 Feudal Age
15:14 Castle Age
13:32 Double-Bit Axe
13:40 Horse Collar
14:40 Gold Mining
20:26 Bow Saw
21:30 Wheelbarrow
22:50 Hand Cart
24:57 Heavy Plow
25:33 Gold Shaft Mining
25:15 Town Watch
25:55 Bloodlines
25:46 Husbandry
26:57 Scale Barding Armor
28:02 Stone Mining
28:18 Loom
29:45 Stone Shaft Mining
32:15 Imperial Age
29:32 Loom
30:18 Chain Barding Armor
30:10 Pikeman
30:51 Squires
30:54 Scale Mail Armor
31:04 Forging
32:08 Chain Mail Armor
32:29 Halberdier
33:52 Iron Casting
34:44 Arson
36:03 Conscription
36:19 Hoardings
37:42 Blast Furnace
36:07 Elite Tiger Cavalry
36:50 Tuntian
38:19 Crop Rotation
38:09 Fletching
38:19 Padded Archer Armor
39:00 Bodkin Arrow
39:28 Ballistics
40:08 Chemistry
40:11 Bracer
40:26 Leather Archer Armor
40:38 Parthian Tactics
40:19 Thumb Ring
45:03 Elite Skirmisher
45:19 Light Cavalry
46:20 Hussar
48:18 Elite Skirmisher
49:30 Ring Archer Armor
52:16 Capped Ram
pavifa
11:02 Feudal Age
9:24 Loom
11:53 Feudal Age
17:08 Horse Collar
18:12 Double-Bit Axe
19:05 Wheelbarrow
19:20 Gold Mining
23:05 Castle Age
24:55 Hand Cart
27:47 Imperial Age
28:31 Treadmill Crane
32:40 Imperial Age
30:40 Padded Archer Armor
33:08 Stone Mining
40:16 Gold Shaft Mining
42:50 Heavy Plow
43:09 Bow Saw
44:13 Town Watch
45:04 Ballistics
45:11 Masonry
46:40 Town Patrol
48:11 Fortified Wall
48:32 Architecture
48:50 Artillery
49:11 Conscription
49:11 Sipahi
Connection lost

Rejoining the realm…

Still unreachable

The connection could not be restored.

Session expired

The server has moved on; the page needs a fresh start.